 Dungeon Crawl Stone Soup version 0.20.1-1-g8b1a95d (webtiles) character file.

394 ZaListios the Chopper (level 6, 0/53 HPs)
             Began as a Hill Orc Fighter on Oct 29, 2017.
             Was a Follower of Dithmenos.
             Slain by an orc wizard
             ... wielding a +1 dagger of venom
              (2 damage)
             ... on level 4 of the Dungeon.
             The game lasted 00:21:02 (3364 turns).

ZaListios the Chopper (Hill Orc Fighter)            Turns: 3364, Time: 00:21:03

Health: 0/53       AC:  9    Str: 20    XL:     6   Next: 81%
Magic:  6/6        EV:  8    Int:  9    God:    Dithmenos [*.....]
Gold:   144        SH:  9    Dex: 10    Spells: 5/5 levels left

rFire    . . .     SeeInvis .   a - +0 war axe
rCold    . . .     Gourm    .   c - +0 shield
rNeg     . . .     Faith    .   b - +0 scale mail
rPois    .         Spirit   .   (no helmet)
rElec    .         Reflect  .   (no cloak)
rCorr    .         Harm     .   h - +1 pair of gloves
MR       .....                  (no boots)
Stlth    ..........             (no amulet)
Regen    0.2/turn               (no ring)
MPRegen  0.1/turn               (no ring)

@: lethally poisoned (0 -> -28), wreathed by umbra
A: no striking features
a: Renounce Religion


You were on level 4 of the Dungeon.
You worshipped Dithmenos.
Dithmenos was aware of your devotion.
You were hungry.

You visited 1 branch of the dungeon, and saw 4 of its levels.

You collected 144 gold pieces.

Inventory:

Hand Weapons
 a - a +0 war axe (weapon)
Armour
 b - a +0 scale mail (worn)
 c - a +0 shield (worn)
 h - a +1 pair of gloves (worn)
Scrolls
 g - a scroll of remove curse
 i - 3 scrolls of identify
 k - a scroll of teleportation
 r - 2 scrolls of blinking
Potions
 d - a potion of might
 e - 3 potions of curing
 j - 2 potions of agility {unknown}
 m - 2 potions of flight
 n - 2 potions of invisibility
 p - a potion of lignification {unknown}
Comestibles
 f - 3 bread rations
 l - 4 fruits
 o - 2 meat rations


   Skills:
 + Level 4.6 Fighting
 + Level 5.4(5.6) Axes
   Level 1.2(3.1) Maces & Flails
 + Level 4.4 Armour
 + Level 1.4 Dodging
 + Level 5.0 Shields


You had 5 spell levels left.
You didn't know any spells.

Dungeon Overview and Level Annotations

Branches:
Dungeon (4/15)
 Temple: D:4-7

Altars:
Dithmenos
Kikubaaqudgha
The Shining One


Message History

You feel sick.
Your shield and scale mail prevent you from hitting something.
* * * LOW HITPOINT WARNING * * *
You feel sick. Something hits you but does no damage.
You are more poisoned.
You miss something.
* * * LOW HITPOINT WARNING * * *
You feel sick. You block something's attack.
Something hits you but does no damage.
You are more poisoned.
You miss something.
* * * LOW HITPOINT WARNING * * *
You feel very sick.
You hear some strange, mumbled words.
Something tries to affect you, but you resist.
You barely miss something.
* * * LOW HITPOINT WARNING * * *
You feel very sick. Something hits you.
You die...

#### ....# #. ....# #.
....# #.+#######....#
#.............#
#.............#
#......){.....# ####
#......)@.....# ...
#.............#
.########..#'######+###
........(..#..........#
......#....#..........#
......+....#.....>....#
..#####....##..####+###
..#.....#'###..#
..#.....#......#


There were no monsters in sight!

Vanquished Creatures
  2 hounds (D:4)
  2 orc wizards (D:3)
  An orc priest (D:4)
  Jessica (D:2)
  3 worker ants (D:4)
  Terence (D:2)
  3 adders
  An ooze (D:2)
  2 worms
  3 dart slugs
  8 orcs
  3 giant cockroaches
  8 goblins
  8 hobgoblins
  3 jackals (D:1)
  3 quokkas
  2 ball pythons (D:2)
  8 bats
  6 frilled lizards
  11 kobolds
  A leopard gecko skeleton (D:4)
  7 rats
87 creatures vanquished.

Notes
Turn   | Place    | Note
-------+----------+-------------------------------------------
     0 | D:1      | ZaListios the Hill Orc Fighter began the quest for the Orb.
     0 | D:1      | Reached XP level 1. HP: 19/19 MP: 1/1
   176 | D:1      | Reached XP level 2. HP: 15/27 MP: 2/2
   662 | D:1      | Reached XP level 3. HP: 33/33 MP: 3/3
   940 | D:2      | Noticed Jessica
   941 | D:2      | Killed Jessica
   968 | D:2      | Reached XP level 4. HP: 34/40 MP: 4/4
  1324 | D:2      | Found a glowing golden altar of the Shining One.
  1324 | D:2      | Found a shadowy altar of Dithmenos.
  1337 | D:2      | Became a worshipper of Dithmenos the Shadowed
  1529 | D:2      | Noticed Terence
  1547 | D:2      | Killed Terence
  1693 | D:2      | Reached XP level 5. HP: 44/46 MP: 5/5
  2128 | D:3      | Found an ancient bone altar of Kikubaaqudgha.
  2270 | D:3      | Reached skill level 1 in Maces & Flails
  2270 | D:3      | Reached skill level 1 in Dodging
  2843 | D:4      | Reached XP level 6. HP: 47/53 MP: 6/6
  2898 | D:4      | Reached * piety under Dithmenos
  3059 | D:4      | Reached skill level 5 in Axes
  3357 | D:4      | Reached skill level 5 in Shields
  3364 | D:4      | HP: 2/53 [poisoned by an orc wizard]
  3364 | D:4      | Slain by an orc wizard

Skill      XL: |  1  2  3  4  5  6 |
---------------+-------------------+-----
Axes           | 3 4 5 |  5.4
Shields        | 4 5 |  5.0
Fighting       | 4 |  4.6
Armour         | 4 |  4.4
Maces & Flails | 1 |  1.2
Dodging        | 1 |  1.4

Action                   |  1- 3 |  4- 6 || total
-------------------------+-------+-------++-------
Melee: War axe           |    90 |   140 ||   230
       Mace              |       |   110 ||   110
  Use: Scroll            |     2 |     9 ||    11
  Eat: Chunk             |       |     7 ||     7
       Fruit             |       |     1 ||     1
Armor: Scale mail        |    39 |   193 ||   232
Dodge: Dodged            |    28 |   119 ||   147
Block: Shield            |    45 |   167 ||   212
